 Dungeon Sprint DCSS version 0.21.1-1-g345015f (webtiles) character file.

175 Fang the Skirmisher (level 5, -10/57 HPs)
             Began as a Gargoyle Berserker on July 23, 2018.
             Was a Believer of Trog.
             Mangled by a wight
             ... wielding a cursed +1 war axe of freezing
              (12 damage)
             ... in the Dungeon (Sprint VII: "The Pits").
             The game lasted 00:00:39 (408 turns).

Fang the Skirmisher (Gargoyle Berserker)             Turns: 408, Time: 00:00:40

Health: -10/57     AC:  6    Str: 26    XL:     5   Next: 55%
Magic:  5/5        EV: 13    Int:  8    God:    Trog [**....]
Gold:   0          SH:  0    Dex:  9    Spells: 4/4 levels left

rFire    . . .     SeeInvis .   j - +2 hand axe
rCold    . . .     Gourm    .   (no shield)
rNeg     + . .     Faith    .   b - +0 animal skin
rPois    ∞         Spirit   .   (no helmet)
rElec    +         Reflect  .   (no cloak)
rCorr    .         Harm     .   (no gloves)
MR       .....     NoTele   +   (no boots)
Stlth    ..........             (no amulet)
HPRegen  0.19/turn              (no ring)
MPRegen  0.09/turn              (no ring)

@: berserking, very quick
A: negative energy resistance 1, electricity resistance, unbreathing,
petrification resistance, rot immunity, AC +4
a: Berserk, Trog's Hand, Burn Spellbooks, Renounce Religion


You were in the Dungeon.
You worshipped Trog.
Trog was pleased with you.
You were not hungry.

You visited 1 branch

Inventory:

Hand Weapons
 j - a +2 hand axe (weapon)
Armour
 b - a +0 animal skin (worn)
Scrolls
 i - a scroll of blinking
 k - 3 scrolls of remove curse
 l - a scroll of summoning
Potions
 a - 2 potions of invisibility
 d - a potion of curing
 e - a potion of heal wounds
 f - a potion of haste
 g - 4 potions of magic
 h - 3 potions of berserk rage
Comestibles
 c - 9 rations


   Skills:
 + Level 7.6 Fighting
 + Level 7.1 Axes
 + Level 4.1 Armour
 + Level 3.4 Dodging
 + Level 1.1 Stealth


You had 4 spell levels left.
You didn't know any spells.

Dungeon Overview and Level Annotations

Branches:
Dungeon (1/1)

Altars:
Cheibriados
Dithmenos
Elyvilon
Fedhas
Gozag
Hepliaklqana
Makhleb
Nemelex Xobeh
Okawaru
Qazlal
Ru
Sif Muna
Trog
Vehumet
Wu Jian
Xom
Yredelemnul
Zin
The Shining One
Beogh
Jiyva
Lugonu


Innate Abilities, Weirdness & Mutations

You are resistant to torment.
Your stone body is resilient. (AC +4)
You are immune to poison.
You resist negative energy. (rN+)
You are resistant to electric shocks. (rElec)
You can survive without breathing.
You are immune to petrification.
You are immune to rotting.


Message History

* * * LOW HITPOINT WARNING * * *
The wight freezes you.
* * * LOW HITPOINT WARNING * * *
The gnoll hits you but does no damage.
The wight hits you with an enchanted morningstar!
* * * LOW HITPOINT WARNING * * *
You barely miss the wight. You hit the wight.
The wight hits you but does no damage. The wight closely misses you.
The gnoll closely misses you.
Unknown command.
You slash the wight!
The wight is severely damaged.
You slash the wight!
You destroy the wight!
Trog accepts your kill.
Your Axes skill increases to level 7!
Your Armour skill increases to level 4!
You hit the wight but do no damage.
The wight is severely damaged.
The wight hits you with a war axe of freezing!
You die...

##########'##...........
#.?(.')))'.##......#..#.
##########.##...........
#..........)'...........
#+#####†#####......#..#.
#.....##...........
#####'#####'#####++
#.....##.......#
#..@).##.......#
###z####.......#


rzg #...<...# ..z.. #.......# ......##.......# #########.......# ######### You
could see 3 wights, a gnoll and a river rat.

Vanquished Creatures
  A floating eye (D)
  A wight (D)
  A worker ant (D)
  An ufetubus (D)
  A goblin (D)
  A ball python (D)
6 creatures vanquished.

Notes
Turn   | Place    | Note
-------+----------+-------------------------------------------
     0 | D        | Fang the Gargoyle Berserker began the quest for the Orb.
     0 | D        | Reached XP level 1. HP: 14/14 MP: 1/1
   203 | D        | Found a bloodstained altar of Trog.
   203 | D        | Found a deep blue altar of Sif Muna.
   203 | D        | Found a viscous altar of Jiyva.
   203 | D        | Found a hazy altar of Hepliaklqana.
   203 | D        | Found an opulent altar of Gozag.
   204 | D        | Found a glowing golden altar of the Shining One.
   204 | D        | Found a glowing silver altar of Zin.
   204 | D        | Found a basalt altar of Yredelemnul.
   204 | D        | Found a shimmering altar of Xom.
   204 | D        | Found an ornate altar of the Wu Jian Council.
   204 | D        | Found a sacrificial altar of Ru.
   204 | D        | Found a stormy altar of Qazlal.
   204 | D        | Found an iron altar of Okawaru.
   204 | D        | Found a sparkling altar of Nemelex Xobeh.
   204 | D        | Found a burning altar of Makhleb.
   204 | D        | Found a blossoming altar of Fedhas.
   204 | D        | Found a white marble altar of Elyvilon.
   204 | D        | Found a shadowy altar of Dithmenos.
   204 | D        | Found a snail-covered altar of Cheibriados.
   206 | D        | Found a radiant altar of Vehumet.
   206 | D        | Found a corrupted altar of Lugonu.
   206 | D        | Found a roughly hewn altar of Beogh.
   243 | D        | Noticed a floating eye
   247 | D        | Killed a floating eye
   247 | D        | Reached skill level 1 in Stealth
   247 | D        | Reached XP level 2. HP: 23/23 MP: 2/2
   247 | D        | Reached XP level 3. HP: 28/28 MP: 3/3
   247 | D        | Reached XP level 4. HP: 32/32 MP: 4/4
   248 | D        | Reached ** piety under Trog
   264 | D        | Reached XP level 5. HP: 22/38 MP: 5/5
   405 | D        | HP: 2/57 [wight/enchanted morningstar (11)]
   408 | D        | Mangled by a wight

Skill      XL: |  1  2  3  4  5 |
---------------+----------------+-----
Axes           | 6 7 |  7.1
Fighting       | 6 7 |  7.6
Armour         | 3 4 |  4.1
Dodging        | 2 3 |  3.4
Stealth        | 1 |  1.1

Action                   |  1- 3 |  4- 6 || total
-------------------------+-------+-------++-------
Melee: Hand axe          |    15 |    17 ||    32
Invok: Berserk           |       |     1 ||     1
Armor: Animal skin       |     5 |     7 ||    12
Dodge: Dodged            |     3 |    10 ||    13
